Checkers vs Stars

Created - Wednesday, November 25, 2015 at 03:00

Goals
1 2 3 T
Checkers 1 2 5 8
Stars 0 1 0 1
Shots
1 2 3 T
Checkers 13 6 17 36
Stars 8 11 8 27

1st period

1. Checkers , Adam Cracknell 7 (Michael Bournival) at 14:26 (PP)

Penalties :
Petteri Lindbohm (CHA) for Hooking (Minor) at 0:30, Zach Sill (TEX) for Hooking (Minor) at 14:17, Zach Sill (TEX) for Fighting (Major) at 15:43, Darian Dziurzynski (CHA) for Fighting (Major) at 15:43

2nd period

2. Stars , Zac Dalpe 6 (Zach Sill) at 8:04
3. Checkers , Michael Bournival 8 (Jason Chimera) at 11:58
4. Checkers , Jason Chimera 8 (Michael Bournival, Peter Harrold) at 15:34

Penalties :
Wacey Hamilton (CHA) for Boarding (Minor) at 8:53, Michael Sdao (CHA) for Roughing (Minor) at 18:21

3rd period

5. Checkers , Brandon Mashinter 5 (Petteri Lindbohm, Jim O'Brien) at 0:20 (SH)
6. Checkers , Sean Backman 1 (Jim O'Brien, Brandon Mashinter) at 2:58
7. Checkers , Peter Harrold 6 (Jim O'Brien) at 5:26
8. Checkers , Andrew Gordon 2 (Michael Latta, Peter Harrold) at 5:47
9. Checkers , Michael Bournival 9 (Adam Cracknell, Jason Chimera) at 9:14

Penalties :
Cameron Gaunce (TEX) for Hooking (Minor) at 9:57, Jim O'Brien (CHA) for Holding (Minor) at 13:13, Miikka Salomaki (TEX) for Tripping (Minor) at 17:39

Goalie Stats

Drew MacIntyre (CHA), 26 saves from 27 shots - (0.963), W, 15-1-5, 60:00 minutes
FARM GOALIE19 (TEX), 12 saves from 19 shots - (0.632), L, 0-1-0, 32:06 minutes
Jeff Malcolm (TEX), 16 saves from 17 shots - (0.941), 27:54 minutes

Players Stats for Checkers

Player Name              G  A  P  +/- PIM S  H  SB GA TA FO     MP     PP MP  PK MP  
------------------------------------------------------------------------------------
Adam Cracknell           1  1  2   2  0   2  3  0  0  0  0/1    15:19   2:20   0:48 
Andrew Gordon            1  0  1   1  0   2  2  0  1  0  0/0    15:02   1:47   0:00 
Benjamin Dieude-Fauvel   0  0  0   1  0   1  0  2  0  0  0/0    20:07   0:00   4:12 
Blake Parlett            0  0  0   2  0   0  1  5  0  1  0/0    18:50   2:07   0:40 
Brandon Mashinter        1  1  2   3  0   1  1  0  1  0  0/1    16:27   0:00   4:14 
Darian Dziurzynski       0  0  0   0  5   2  0  0  1  0  0/0    12:30   0:00   3:42 
Jason Chimera            1  2  3   2  0   1  1  1  2  0  0/1    15:23   2:20   0:00 
Jim O'Brien              0  3  3   3  2   3  1  2  1  1  5/8    15:32   0:00   2:49 
Julien Brouillette       0  0  0   2  0   2  0  1  1  1  0/0    17:26   2:07   0:00 
Michael Bournival        2  2  4   2  0   4  1  1  4  1  2/9    15:07   2:20   0:00 
Michael Latta            0  1  1   1  0   3  4  0  4  0  7/13   17:32   1:47   1:52 
Michael Sdao             0  0  0   1  2   2  1  1  0  0  0/0    19:14   0:00   3:20 
Peter Harrold            1  2  3   3  0   8  5  0  1  2  0/0    23:18   2:00   4:36 
Petteri Lindbohm         0  1  1   3  2   2  4  0  2  2  0/0    21:05   2:00   3:04 
Sean Backman             1  0  1   2  0   2  0  0  2  0  1/3    12:13   0:00   0:00 
Tomas Vincour            0  0  0   1  0   0  3  1  0  1  1/1    15:02   1:47   0:00 
Wacey Hamilton           0  0  0   0  2   0  0  0  1  0  6/12   12:43   0:00   2:27 
Willie Coetzee           0  0  0   0  0   1  0  1  0  1  0/0     9:04   0:00   0:00 

Players Stats for Stars

Player Name              G  A  P  +/- PIM S  H  SB GA TA FO     MP     PP MP  PK MP  
------------------------------------------------------------------------------------
Alexandre Grenier        0  0  0  -3  0   1  2  0  0  0  0/0    16:56   3:31   0:00 
Austin Madaisky          0  0  0  -2  0   1  1  3  1  1  0/0    25:48   3:34   3:25 
Brad Malone              0  0  0  -3  0   5  2  0  2  2  8/12   20:56   3:31   2:33 
Brandon Kozun            0  0  0  -3  0   7  1  1  2  2  0/1    18:33   3:52   0:00 
Brent Sopel              0  0  0  -2  0   0  1  0  0  1  0/0    12:17   0:21   0:00 
Bruno Gervais            0  0  0  -4  0   2  0  5  0  2  0/0    31:47   4:01   3:41 
Cameron Gaunce           0  0  0  -2  2   0  1  1  0  2  0/0    25:04   3:34   0:00 
Dalton Smith             0  0  0   0  0   0  0  0  0  0  0/0     0:47   0:00   0:47 
Jason Williams           0  0  0  -3  0   2  2  1  0  0  0/1    13:14   0:00   0:00 
John Albert              0  0  0   0  0   0  0  0  0  0  0/1    14:07   0:00   1:19 
Jonathan Diaby           0  0  0  -2  0   1  1  1  0  2  0/0    25:10   4:22   1:08 
Justin Shugg             0  0  0   0  0   3  0  0  5  1  0/0    16:21   0:00   0:59 
Miikka Salomaki          0  0  0  -3  2   0  1  0  0  1  6/9    12:51   0:00   0:24 
Nicholas Rioux           0  0  0   0  0   0  0  0  0  0  0/0     0:55   0:00   0:00 
Paul Thompson            0  0  0   0  0   2  2  1  2  1  6/11   23:46   4:25   0:00 
Rocco Grimaldi           0  0  0   0  0   1  0  0  0  0  0/0     2:03   0:00   0:00 
Zac Dalpe                1  0  1   0  0   2  1  0  2  0  6/13   13:40   4:25   0:00 
Zach Sill                0  1  1  -3  7   0  1  0  4  0  1/1    21:29   4:04   2:12 

3 Stars

1 - Michael Bournival (CHA)
2 - Peter Harrold (CHA)
3 - Jason Chimera (CHA)

Power Play

Checkers - 1 on 3 Attempt(s) - 33.33%
Stars - 0 on 4 Attempt(s) - 0.00%

Penalty Kill

Checkers - 4 on 4 Attempt(s) - 100.00% - Score 1 goal in Penalty Kill
Stars - 2 on 3 Attempt(s) - 66.67% - Score 0 goal in Penalty Kill

Team Stat

Checkers - Hits : 27 - Faceoff Wins : 22 - Blocked Shots : 15 - Penalty Minutes : 13
Stars - Hits : 16 - Faceoff Wins : 27 - Blocked Shots : 13 - Penalty Minutes : 11

Official

Referees : Unknown
Linesman : Unknown

Game Notes

Darian Dziurzynski beats up Zach Sill at 15:43 of 1st period
Jeff Malcolm is injured at 7:54 of 2nd period (Bruised Right Shoulder)
FARM GOALIE19 enters game at 7:54 of 2nd period

Finance

Level 1 -- Attendance: 1536 (76.80%) -- Ticket Income $53,760
Level 2 -- Attendance: 809 (80.90%) -- Ticket Income $12,135
Total Attendance: 2345 (78.17%)
Total Ticket Income: $65,895
Other Income: $32,289
Total Income: $98,184

Checkers

5 vs 5 Forward 
   Center                   Left Wing                Right Wing               Time % Phy DF OF 
 1 Michael Bournival        Jason Chimera            Adam Cracknell           28     1   2  2  
 2 Michael Latta            Tomas Vincour            Andrew Gordon            27     1   2  2  
 3 Jim O'Brien              Brandon Mashinter        Sean Backman             25     1   2  2  
 4 Wacey Hamilton           Darian Dziurzynski       Willie Coetzee           20     1   2  2  

5 vs 5 Defense 
   Defense                  Defense                                           Time % Phy DF OF 
 1 Peter Harrold            Petteri Lindbohm                                  35     1   2  2  
 2 Blake Parlett            Julien Brouillette                                35     1   2  2  
 3 Benjamin Dieude-Fauvel   Michael Sdao                                      30     1   2  2  
 4 Peter Harrold            Petteri Lindbohm                                  0      1   2  2  

PowerPlay Forward 
   Center                   Left Wing                Right Wing               Time % Phy DF OF 
 1 Michael Bournival        Jason Chimera            Adam Cracknell           50     0   1  4  
 2 Michael Latta            Tomas Vincour            Andrew Gordon            50     0   1  4  

PowerPlay Defense
   Defense                  Defense                                           Time % Phy DF OF 
 1 Peter Harrold            Petteri Lindbohm                                  50     0   1  4  
 2 Blake Parlett            Julien Brouillette                                50     0   1  4  

Penalty Kill 4 Players Forward 
   Center                   Wing                     Time % Phy DF OF 
 1 Wacey Hamilton           Darian Dziurzynski       50     0   4  1  
 2 Jim O'Brien              Brandon Mashinter        50     0   4  1  

Penalty Kill 4 Players Defense
   Defense                  Defense                  Time % Phy DF OF 
 1 Benjamin Dieude-Fauvel   Michael Sdao             50     0   4  1  
 2 Peter Harrold            Petteri Lindbohm         50     0   4  1  

Penalty Kill - 3 Players Forward 
   Forward                                           Time % Phy DF OF 
 1 Wacey Hamilton                                    50     0   5  0  
 2 Jim O'Brien                                       50     0   5  0  

Penalty Kill - 3 Players Defense
   Defense                  Defense                  Time % Phy DF OF 
 1 Benjamin Dieude-Fauvel   Michael Sdao             50     0   5  0  
 2 Peter Harrold            Petteri Lindbohm         50     0   5  0  

4 vs 4 Forward 
   Center                   Wing                     Time % Phy DF OF 
 1 Michael Bournival        Jason Chimera            50     1   2  2  
 2 Michael Latta            Tomas Vincour            50     1   2  2  

4 vs 4 Defense
   Defense                  Defense                  Time % Phy DF OF 
 1 Peter Harrold            Petteri Lindbohm         50     1   2  2  
 2 Blake Parlett            Julien Brouillette       50     1   2  2  

Last Minutes Offensive
   Center                   Left Wing                Right Wing               Defense                  Defense                  
   Michael Bournival        Jason Chimera            Adam Cracknell           Peter Harrold            Petteri Lindbohm         

Last Minutes Defensive
   Center                   Left Wing                Right Wing               Defense                  Defense                  
   Michael Latta            Jason Chimera            Adam Cracknell           Peter Harrold            Petteri Lindbohm         

Goaltenders
Starting : Drew MacIntyre           
Backup : John Muse                

Extra Forwards
Normal : Jason Chimera, Michael Bournival, Michael Latta - PP : Jason Chimera, Michael Bournival - PK : Michael Latta
Extra Defensemen
Normal : Peter Harrold, Petteri Lindbohm, Blake Parlett - PP : Peter Harrold - PK : Peter Harrold, Blake Parlett
Penalty Shots
Jim O'Brien, Sean Backman, Andrew Gordon, Brandon Mashinter, Darian Dziurzynski

Stars

5 vs 5 Forward 
   Center                   Left Wing                Right Wing               Time % Phy DF OF 
 1 Zac Dalpe                Paul Thompson            Zach Sill                35     1   2  2  
 2 Brad Malone              Brandon Kozun            Alexandre Grenier        30     1   2  2  
 3 Paul Thompson            John Albert              Justin Shugg             22     1   2  2  
 4 Miikka Salomaki          Jason Williams           Zach Sill                13     1   2  2  

5 vs 5 Defense 
   Defense                  Defense                                           Time % Phy DF OF 
 1 Jonathan Diaby           Bruno Gervais                                     35     1   2  2  
 2 Cameron Gaunce           Austin Madaisky                                   30     1   2  2  
 3 Bruno Gervais            Jonathan Diaby                                    22     1   2  2  
 4 Brent Sopel              Bruno Gervais                                     13     1   2  2  

PowerPlay Forward 
   Center                   Left Wing                Right Wing               Time % Phy DF OF 
 1 Zac Dalpe                Paul Thompson            Zach Sill                60     1   2  2  
 2 Brad Malone              Brandon Kozun            Alexandre Grenier        40     1   2  2  

PowerPlay Defense
   Defense                  Defense                                           Time % Phy DF OF 
 1 Jonathan Diaby           Bruno Gervais                                     60     1   2  2  
 2 Cameron Gaunce           Austin Madaisky                                   40     1   2  2  

Penalty Kill 4 Players Forward 
   Center                   Wing                     Time % Phy DF OF 
 1 Brad Malone              Zach Sill                60     1   2  2  
 2 Brandon Kozun            Paul Thompson            40     1   2  2  

Penalty Kill 4 Players Defense
   Defense                  Defense                  Time % Phy DF OF 
 1 Austin Madaisky          Bruno Gervais            60     1   2  2  
 2 Jonathan Diaby           Cameron Gaunce           40     1   2  2  

Penalty Kill - 3 Players Forward 
   Forward                                           Time % Phy DF OF 
 1 Zach Sill                                         60     1   2  2  
 2 Justin Shugg                                      40     1   2  2  

Penalty Kill - 3 Players Defense
   Defense                  Defense                  Time % Phy DF OF 
 1 Cameron Gaunce           Austin Madaisky          60     1   2  2  
 2 Brent Sopel              Bruno Gervais            40     1   2  2  

4 vs 4 Forward 
   Center                   Wing                     Time % Phy DF OF 
 1 Brandon Kozun            Paul Thompson            60     1   2  2  
 2 Zach Sill                John Albert              40     1   2  2  

4 vs 4 Defense
   Defense                  Defense                  Time % Phy DF OF 
 1 Bruno Gervais            Cameron Gaunce           60     1   2  2  
 2 Jonathan Diaby           Austin Madaisky          40     1   2  2  

Last Minutes Offensive
   Center                   Left Wing                Right Wing               Defense                  Defense                  
   Zac Dalpe                Zach Sill                Brad Malone              Cameron Gaunce           Bruno Gervais            

Last Minutes Defensive
   Center                   Left Wing                Right Wing               Defense                  Defense                  
   Zac Dalpe                Zach Sill                Brad Malone              Cameron Gaunce           Bruno Gervais            

Goaltenders
Starting : Jeff Malcolm             
Backup : FARM GOALIE19            

Extra Forwards
Normal : Jason Williams, Paul Thompson, Zach Sill - PP : Paul Thompson, Zach Sill - PK : Miikka Salomaki
Extra Defensemen
Normal : Brent Sopel, Jonathan Diaby, Bruno Gervais - PP : Bruno Gervais - PK : Austin Madaisky, Bruno Gervais
Penalty Shots
Jason Williams, Brad Malone, Zach Sill, Brandon Kozun, Paul Thompson

% Time on Ice - Checkers

Lines # - Real PCT - Wanted PCT - Time Play
Normal Forward
1 - 28% - 28% - 13:25
2 - 28% - 27% - 13:15
3 - 25% - 25% - 12:13
4 - 19% - 20% - 9:04
Normal Defense
1 - 36% - 35% - 17:07
2 - 34% - 35% - 16:04
3 - 31% - 30% - 14:46
4 - 0% - 0% - 0:00
PP Forward
1 - 57% - 50% - 2:20
2 - 43% - 50% - 1:47
PP Defense
1 - 49% - 50% - 2:00
2 - 51% - 50% - 2:07
PK Forward
1 - 47% - 50% - 3:42
2 - 53% - 50% - 4:14
PK Defense
1 - 53% - 50% - 4:12
2 - 47% - 50% - 3:44
PK3 Forward
1 - 0% - 50%
2 - 0% - 50%
PK3 Defense
1 - 0% - 50%
2 - 0% - 50%
44 Forward
1 - 0% - 50%
2 - 0% - 50%
44 Defense
1 - 0% - 50%
2 - 0% - 50%
Last Minute Offensive  - 0:00
Last Minute Defensive  - 0:00
Total
Forward - 60:00
Defense - 60:00

% Time on Ice - Stars

Lines # - Real PCT - Wanted PCT - Time Play
Normal Forward
1 - 22% - 35% - 10:19
2 - 28% - 30% - 13:25
3 - 27% - 22% - 12:49
4 - 24% - 13% - 11:24
Normal Defense
1 - 25% - 35% - 12:12
2 - 42% - 30% - 20:14
3 - 11% - 22% - 5:19
4 - 21% - 13% - 10:12
PP Forward
1 - 56% - 60% - 4:25
2 - 44% - 40% - 3:31
PP Defense
1 - 55% - 60% - 4:22
2 - 45% - 40% - 3:34
PK Forward
1 - 100% - 60% - 4:07
2 - 0% - 40% - 0:00
PK Defense
1 - 72% - 60% - 2:59
2 - 28% - 40% - 1:08
PK3 Forward
1 - 0% - 60%
2 - 0% - 40%
PK3 Defense
1 - 0% - 60%
2 - 0% - 40%
44 Forward
1 - 0% - 60%
2 - 0% - 40%
44 Defense
1 - 0% - 60%
2 - 0% - 40%
Last Minute Offensive  - 0:00
Last Minute Defensive  - 0:00
Total
Forward - 60:00
Defense - 60:00

Play by Play

1st period


0:01 of 1st period - Michael Bournival wins face-off versus Zac Dalpe in neutral zone.
0:30 of 1st period - Minor Penalty to Petteri Lindbohm for Hooking.
0:31 of 1st period - Wacey Hamilton wins face-off versus Brad Malone in Checkers zone.
1:06 of 1st period - Wrist shot by Brad Malone.
1:06 of 1st period - Shot Misses the Net.
2:28 of 1st period - Slapshot by Peter Harrold.
2:28 of 1st period - Stopped by Jeff Malcolm with a rebound.
2:30 of 1st period - Penalty to Petteri Lindbohm is over, Petteri Lindbohm is back on ice.
2:40 of 1st period - Zac Dalpe is hit by Peter Harrold.
2:57 of 1st period - Brent Sopel is hit by Michael Latta and loses puck.
3:36 of 1st period - Snap shot by Michael Bournival.
3:36 of 1st period - Shot Blocked by Jason Williams.
3:38 of 1st period - Slapshot by Petteri Lindbohm.
3:38 of 1st period - Shot Misses the Net.
3:40 of 1st period - Slapshot by Petteri Lindbohm.
3:40 of 1st period - Deflect By Zach Sill.
3:40 of 1st period - Stopped by Jeff Malcolm with a rebound.
3:50 of 1st period - Snap shot by Michael Bournival.
3:50 of 1st period - Stopped by Jeff Malcolm without a rebound.
3:51 of 1st period - Sean Backman wins face-off versus Brad Malone in Stars zone.
4:14 of 1st period - Wrist shot by Brandon Mashinter.
4:14 of 1st period - Shot Misses the Net.
5:10 of 1st period - Slapshot by Peter Harrold.
5:10 of 1st period - Shot Blocked by Austin Madaisky.
5:31 of 1st period - Slapshot by Brad Malone.
5:31 of 1st period - Shot Blocked by Willie Coetzee.
5:33 of 1st period - Slapshot by Bruno Gervais.
5:33 of 1st period - Shot Blocked by Michael Sdao.
5:45 of 1st period - Wrist shot by Jason Williams.
5:45 of 1st period - Stopped by Drew MacIntyre with a rebound.
5:47 of 1st period - Slapshot by Jonathan Diaby.
5:47 of 1st period - Deflect By Willie Coetzee.
5:47 of 1st period - Stopped by Drew MacIntyre with a rebound.
5:51 of 1st period - Wrist shot by Zach Sill.
5:51 of 1st period - Shot Misses the Net.
6:23 of 1st period - Snap shot by Jason Chimera.
6:23 of 1st period - Shot Misses the Net.
7:31 of 1st period - Slapshot by Peter Harrold.
7:31 of 1st period - Stopped by Jeff Malcolm with a rebound.
7:33 of 1st period - Slapshot by Peter Harrold.
7:33 of 1st period - Stopped by Jeff Malcolm without a rebound.
7:34 of 1st period - Paul Thompson wins face-off versus Michael Latta in Stars zone.
7:41 of 1st period - Slapshot by Paul Thompson.
7:41 of 1st period - Shot Misses the Net.
7:49 of 1st period - Justin Shugg is hit by Petteri Lindbohm and loses puck.
8:12 of 1st period - Bruno Gervais is hit by Tomas Vincour and loses puck.
8:29 of 1st period - Snap shot by Justin Shugg.
8:29 of 1st period - Deflect By Paul Thompson.
8:29 of 1st period - Shot Misses the Net.
8:29 of 1st period - Puck is out of play.
8:30 of 1st period - Paul Thompson wins face-off versus Michael Bournival in Checkers zone.
8:59 of 1st period - Wrist shot by Brandon Kozun.
8:59 of 1st period - Stopped by Drew MacIntyre with a rebound.
9:01 of 1st period - Snap shot by Brad Malone.
9:01 of 1st period - Shot Misses the Net.
9:03 of 1st period - Wrist shot by Brad Malone.
9:03 of 1st period - Shot Misses the Net.
9:41 of 1st period - Wrist shot by Sean Backman.
9:41 of 1st period - Stopped by Jeff Malcolm with a rebound.
10:07 of 1st period - Brent Sopel is hit by Blake Parlett and loses puck.
10:12 of 1st period - Backhand shot by Willie Coetzee.
10:12 of 1st period - Shot Misses the Net.
10:28 of 1st period - Justin Shugg is hit by Michael Sdao.
10:32 of 1st period - Wrist shot by Paul Thompson.
10:32 of 1st period - Shot Misses the Net.
10:34 of 1st period - Wrist shot by Justin Shugg.
10:34 of 1st period - Stopped by Drew MacIntyre with a rebound.
10:36 of 1st period - Slapshot by Cameron Gaunce.
10:36 of 1st period - Deflect By Justin Shugg.
10:36 of 1st period - Stopped by Drew MacIntyre with a rebound.
10:38 of 1st period - Slapshot by Cameron Gaunce.
10:38 of 1st period - Deflect By Justin Shugg.
10:38 of 1st period - Shot Misses the Net.
10:38 of 1st period - Puck is out of play.
10:39 of 1st period - Michael Latta wins face-off versus Paul Thompson in Checkers zone.
10:44 of 1st period - Paul Thompson is hit by Petteri Lindbohm and loses puck.
10:59 of 1st period - Brad Malone is hit by Tomas Vincour and loses puck.
11:34 of 1st period - Slapshot by Brad Malone.
11:34 of 1st period - Shot Misses the Net.
11:53 of 1st period - Wrist shot by Justin Shugg.
11:53 of 1st period - Shot Hit the Post.
12:09 of 1st period - Sean Backman is hit by Brent Sopel and loses puck.
12:33 of 1st period - Brad Malone is hit by Brandon Mashinter and loses puck.
12:56 of 1st period - Slapshot by Peter Harrold.
12:56 of 1st period - Stopped by Jeff Malcolm without a rebound.
12:57 of 1st period - Miikka Salomaki wins face-off versus Wacey Hamilton in Stars zone.
13:04 of 1st period - Snap shot by Peter Harrold.
13:04 of 1st period - Stopped by Jeff Malcolm with a rebound.
13:08 of 1st period - Wrist shot by Willie Coetzee.
13:08 of 1st period - Shot Blocked by Jonathan Diaby.
13:10 of 1st period - Slapshot by Petteri Lindbohm.
13:10 of 1st period - Stopped by Jeff Malcolm without a rebound.
13:11 of 1st period - Miikka Salomaki wins face-off versus Michael Latta in Stars zone.
13:11 of 1st period - Miikka Salomaki is hit by Petteri Lindbohm.
14:01 of 1st period - Snap shot by Brad Malone.
14:01 of 1st period - Stopped by Drew MacIntyre with a rebound.
14:17 of 1st period - Minor Penalty to Zach Sill for Hooking.
14:18 of 1st period - Miikka Salomaki wins face-off versus Michael Bournival in Stars zone.
14:26 of 1st period - Snap shot by Adam Cracknell.
14:26 of 1st period - Goal by Adam Cracknell - Checkers : 1 - Stars : 0.
14:27 of 1st period - Jim O'Brien wins face-off versus Paul Thompson in neutral zone.
14:53 of 1st period - Icing by Jim O'Brien.
14:54 of 1st period - Jim O'Brien wins face-off versus John Albert in Checkers zone.
15:10 of 1st period - Snap shot by Jim O'Brien.
15:10 of 1st period - Shot Misses the Net.
15:42 of 1st period - Wrist shot by Brandon Kozun.
15:42 of 1st period - Stopped by Drew MacIntyre without a rebound.
15:43 of 1st period - Wacey Hamilton wins face-off versus Miikka Salomaki in Checkers zone.
15:43 of 1st period - Darian Dziurzynski beats up Zach Sill.
15:43 of 1st period - Penalty to Zach Sill for Fighting.
15:43 of 1st period - Penalty to Darian Dziurzynski for Fighting.
15:44 of 1st period - Zac Dalpe wins face-off versus Wacey Hamilton in Checkers zone.
15:47 of 1st period - Wrist shot by Paul Thompson.
15:47 of 1st period - Deflect By Zac Dalpe.
15:47 of 1st period - Shot Misses the Net.
15:47 of 1st period - Puck is out of play.
15:48 of 1st period - Wacey Hamilton wins face-off versus Zac Dalpe in Checkers zone.
16:20 of 1st period - Backhand shot by Austin Madaisky.
16:20 of 1st period - Shot Blocked by Jason Chimera.
16:55 of 1st period - Slapshot by Jim O'Brien.
16:55 of 1st period - Stopped by Jeff Malcolm with a rebound.
16:57 of 1st period - Wrist shot by Brandon Mashinter.
16:57 of 1st period - Shot Misses the Net.
16:59 of 1st period - Wrist shot by Jim O'Brien.
16:59 of 1st period - Shot Misses the Net.
17:01 of 1st period - Backhand shot by Michael Sdao.
17:01 of 1st period - Shot Misses the Net.
17:03 of 1st period - Slapshot by Michael Sdao.
17:03 of 1st period - Shot Blocked by Austin Madaisky.
17:05 of 1st period - Wrist shot by Jim O'Brien.
17:05 of 1st period - Stopped by Jeff Malcolm with a rebound.
17:07 of 1st period - Snap shot by Brandon Mashinter.
17:07 of 1st period - Shot Misses the Net.
17:09 of 1st period - Snap shot by Michael Sdao.
17:09 of 1st period - Stopped by Jeff Malcolm with a rebound.
17:27 of 1st period - Michael Latta is hit by Jason Williams and loses puck.
18:54 of 1st period - Wrist shot by Rocco Grimaldi.
18:54 of 1st period - Stopped by Drew MacIntyre with a rebound.
19:18 of 1st period - Benjamin Dieude-Fauvel is hit by Paul Thompson.
19:32 of 1st period - Snap shot by Brad Malone.
19:32 of 1st period - Shot Misses the Net.
19:34 of 1st period - Wrist shot by Brad Malone.
19:34 of 1st period - Deflect By Brandon Kozun.
19:34 of 1st period - Deflect By Jim O'Brien.
19:34 of 1st period - Shot Blocked by Jim O'Brien.
19:34 of 1st period - Puck is out of play.
19:35 of 1st period - Brad Malone wins face-off versus Michael Latta in Checkers zone.
Goals for this period are 1 for Checkers vs 0 for Stars.
Shots for this period are 13 for Checkers vs 8 for Stars.

2nd period


0:01 of 2nd period - Zac Dalpe wins face-off versus Michael Bournival in neutral zone.
1:02 of 2nd period - Wrist shot by Brandon Mashinter.
1:02 of 2nd period - Shot Misses the Net.
1:04 of 2nd period - Wrist shot by Peter Harrold.
1:04 of 2nd period - Shot Misses the Net.
1:16 of 2nd period - Brandon Mashinter is hit by Brad Malone and loses puck.
1:53 of 2nd period - Snap shot by Andrew Gordon.
1:53 of 2nd period - Deflect By Michael Latta.
1:53 of 2nd period - Stopped by Jeff Malcolm with a rebound.
1:55 of 2nd period - Wrist shot by Andrew Gordon.
1:55 of 2nd period - Shot Blocked by Bruno Gervais.
1:57 of 2nd period - Slapshot by Andrew Gordon.
1:57 of 2nd period - Stopped by Jeff Malcolm with a rebound.
1:59 of 2nd period - Wrist shot by Tomas Vincour.
1:59 of 2nd period - Shot Misses the Net.
2:53 of 2nd period - Wrist shot by Brandon Kozun.
2:53 of 2nd period - Shot Blocked by Michael Bournival.
3:36 of 2nd period - Cameron Gaunce is hit by Jim O'Brien and loses puck.
4:25 of 2nd period - Blake Parlett is hit by Miikka Salomaki and loses puck.
4:40 of 2nd period - Snap shot by Brad Malone.
4:40 of 2nd period - Stopped by Drew MacIntyre without a rebound.
4:41 of 2nd period - Brad Malone wins face-off versus Wacey Hamilton in Checkers zone.
5:53 of 2nd period - Snap shot by Michael Bournival.
5:53 of 2nd period - Stopped by Jeff Malcolm without a rebound.
5:54 of 2nd period - Miikka Salomaki wins face-off versus Sean Backman in Stars zone.
6:05 of 2nd period - Off-side.
6:06 of 2nd period - Miikka Salomaki wins face-off versus Sean Backman in neutral zone.
6:23 of 2nd period - Brandon Mashinter is hit by Jason Williams and loses puck.
6:42 of 2nd period - Zac Dalpe is hit by Petteri Lindbohm.
6:55 of 2nd period - Icing by Tomas Vincour.
6:56 of 2nd period - Michael Latta wins face-off versus Jason Williams in Checkers zone.
7:05 of 2nd period - Snap shot by Jason Williams.
7:05 of 2nd period - Shot Blocked by Tomas Vincour.
7:07 of 2nd period - Snap shot by Brandon Kozun.
7:07 of 2nd period - Shot Blocked by Benjamin Dieude-Fauvel.
7:09 of 2nd period - Snap shot by Brandon Kozun.
7:09 of 2nd period - Stopped by Drew MacIntyre with a rebound.
7:11 of 2nd period - Slapshot by Brandon Kozun.
7:11 of 2nd period - Stopped by Drew MacIntyre with a rebound.
7:18 of 2nd period - Off-side.
7:19 of 2nd period - Paul Thompson wins face-off versus Michael Bournival in neutral zone.
7:29 of 2nd period - Justin Shugg is hit by Adam Cracknell and loses puck.
7:52 of 2nd period - Snap shot by Jason Chimera.
7:52 of 2nd period - Shot Misses the Net.
7:54 of 2nd period - Snap shot by Julien Brouillette.
7:54 of 2nd period - Stopped by Jeff Malcolm with a rebound.
7:54 of 2nd period - Jeff Malcolm from Stars is injured at 7:54 of 2nd period (Bruised Right Shoulder).
7:54 of 2nd period - FARM GOALIE19 enters game.
7:55 of 2nd period - Zac Dalpe wins face-off versus Adam Cracknell in Stars zone.
8:04 of 2nd period - Slapshot by Zac Dalpe.
8:04 of 2nd period - Goal by Zac Dalpe - Checkers : 1 - Stars : 1.
8:05 of 2nd period - Michael Bournival wins face-off versus Zac Dalpe in neutral zone.
8:53 of 2nd period - Minor Penalty to Wacey Hamilton for Boarding.
8:54 of 2nd period - Brad Malone wins face-off versus Brandon Mashinter in Checkers zone.
9:04 of 2nd period - Michael Latta is hit by Brad Malone and loses puck.
9:25 of 2nd period - Snap shot by Brad Malone.
9:25 of 2nd period - Stopped by Drew MacIntyre with a rebound.
9:27 of 2nd period - Slapshot by Cameron Gaunce.
9:27 of 2nd period - Deflect By Alexandre Grenier.
9:27 of 2nd period - Shot Blocked by Jim O'Brien.
9:27 of 2nd period - Puck is out of play.
9:28 of 2nd period - Jim O'Brien wins face-off versus Zac Dalpe in Checkers zone.
10:33 of 2nd period - Michael Latta is hit by Alexandre Grenier and loses puck.
10:53 of 2nd period - Penalty to Wacey Hamilton is over, Wacey Hamilton is back on ice.
11:10 of 2nd period - John Albert is hit by Michael Latta and loses puck.
11:58 of 2nd period - Snap shot by Michael Bournival.
11:58 of 2nd period - Goal by Michael Bournival - Checkers : 2 - Stars : 1.
11:59 of 2nd period - Brad Malone wins face-off versus Jim O'Brien in neutral zone.
12:02 of 2nd period - Snap shot by Brandon Kozun.
12:02 of 2nd period - Shot Blocked by Blake Parlett.
12:04 of 2nd period - Slapshot by Austin Madaisky.
12:04 of 2nd period - Shot Misses the Net.
12:08 of 2nd period - Snap shot by Brandon Kozun.
12:08 of 2nd period - Shot Misses the Net.
12:10 of 2nd period - Slapshot by Austin Madaisky.
12:10 of 2nd period - Shot Blocked by Julien Brouillette.
12:12 of 2nd period - Slapshot by Brad Malone.
12:12 of 2nd period - Deflect By Alexandre Grenier.
12:12 of 2nd period - Shot Misses the Net.
12:12 of 2nd period - Puck is out of play.
12:13 of 2nd period - Brad Malone wins face-off versus Jim O'Brien in Checkers zone.
12:18 of 2nd period - Wrist shot by Brandon Kozun.
12:18 of 2nd period - Stopped by Drew MacIntyre with a rebound.
12:20 of 2nd period - Wrist shot by Brad Malone.
12:20 of 2nd period - Stopped by Drew MacIntyre with a rebound.
12:22 of 2nd period - Slapshot by Brad Malone.
12:22 of 2nd period - Stopped by Drew MacIntyre with a rebound.
12:24 of 2nd period - Wrist shot by Brandon Kozun.
12:24 of 2nd period - Shot Blocked by Blake Parlett.
12:26 of 2nd period - Backhand shot by Brandon Kozun.
12:26 of 2nd period - Stopped by Drew MacIntyre with a rebound.
12:28 of 2nd period - Snap shot by Alexandre Grenier.
12:28 of 2nd period - Stopped by Drew MacIntyre without a rebound.
12:29 of 2nd period - Paul Thompson wins face-off versus Michael Bournival in Checkers zone.
13:28 of 2nd period - Wrist shot by Brandon Mashinter.
13:28 of 2nd period - Shot Blocked by Cameron Gaunce.
14:00 of 2nd period - Wacey Hamilton is hit by Zach Sill and loses puck.
15:05 of 2nd period - Brad Malone is hit by Michael Latta and loses puck.
15:34 of 2nd period - Snap shot by Jason Chimera.
15:34 of 2nd period - Goal by Jason Chimera - Checkers : 3 - Stars : 1.
15:35 of 2nd period - Miikka Salomaki wins face-off versus Jim O'Brien in neutral zone.
15:58 of 2nd period - Wrist shot by Miikka Salomaki.
15:58 of 2nd period - Shot Misses the Net.
16:00 of 2nd period - Slapshot by Jason Williams.
16:00 of 2nd period - Stopped by Drew MacIntyre without a rebound.
16:01 of 2nd period - Wacey Hamilton wins face-off versus Paul Thompson in Checkers zone.
16:06 of 2nd period - Slapshot by Peter Harrold.
16:06 of 2nd period - Shot Blocked by Bruno Gervais.
16:31 of 2nd period - Wacey Hamilton is hit by Jonathan Diaby and loses puck.
16:56 of 2nd period - Austin Madaisky is hit by Michael Latta and loses puck.
17:02 of 2nd period - Off-side.
17:03 of 2nd period - Jim O'Brien wins face-off versus Brandon Kozun in neutral zone.
18:21 of 2nd period - Minor Penalty to Michael Sdao for Roughing.
18:22 of 2nd period - Wacey Hamilton wins face-off versus Zac Dalpe in Checkers zone.
18:31 of 2nd period - Snap shot by Petteri Lindbohm.
18:31 of 2nd period - Deflect By Wacey Hamilton.
18:31 of 2nd period - Shot Misses the Net.
18:31 of 2nd period - Puck is out of play.
18:32 of 2nd period - Zac Dalpe wins face-off versus Wacey Hamilton in Stars zone.
19:28 of 2nd period - Wacey Hamilton is hit by Alexandre Grenier and loses puck.
Goals for this period are 2 for Checkers vs 1 for Stars.
Shots for this period are 6 for Checkers vs 11 for Stars.

3rd period


0:01 of 3rd period - Jim O'Brien wins face-off versus Paul Thompson in neutral zone.
0:20 of 3rd period - Slapshot by Petteri Lindbohm.
0:20 of 3rd period - Deflect By Brandon Mashinter.
0:20 of 3rd period - Goal by Brandon Mashinter - Checkers : 4 - Stars : 1.
0:21 of 3rd period - Penalty to Michael Sdao is over, Michael Sdao is back on ice.
0:21 of 3rd period - Zach Sill wins face-off versus Michael Latta in neutral zone.
0:29 of 3rd period - Off-side.
0:30 of 3rd period - Zac Dalpe wins face-off versus Michael Latta in neutral zone.
0:37 of 3rd period - Snap shot by Zac Dalpe.
0:37 of 3rd period - Shot Misses the Net.
1:34 of 3rd period - Brad Malone is hit by Jason Chimera and loses puck.
1:43 of 3rd period - Snap shot by Brad Malone.
1:43 of 3rd period - Deflect By Brandon Kozun.
1:43 of 3rd period - Stopped by Drew MacIntyre without a rebound.
1:44 of 3rd period - Wacey Hamilton wins face-off versus Paul Thompson in Checkers zone.
1:55 of 3rd period - Slapshot by Petteri Lindbohm.
1:55 of 3rd period - Shot Blocked by Paul Thompson.
2:19 of 3rd period - Slapshot by Petteri Lindbohm.
2:19 of 3rd period - Shot Blocked by Austin Madaisky.
2:35 of 3rd period - Brandon Mashinter is hit by Cameron Gaunce and loses puck.
2:44 of 3rd period - Wrist shot by Jim O'Brien.
2:44 of 3rd period - Shot Misses the Net.
2:56 of 3rd period - Snap shot by Jim O'Brien.
2:56 of 3rd period - Stopped by FARM GOALIE19 with a rebound.
2:58 of 3rd period - Snap shot by Jim O'Brien.
2:58 of 3rd period - Deflect By Sean Backman.
2:58 of 3rd period - Goal by Sean Backman - Checkers : 5 - Stars : 1.
2:59 of 3rd period - Michael Latta wins face-off versus Brad Malone in neutral zone.
4:10 of 3rd period - Bruno Gervais is hit by Michael Bournival and loses puck.
4:39 of 3rd period - Snap shot by Justin Shugg.
4:39 of 3rd period - Shot Blocked by Blake Parlett.
4:45 of 3rd period - Slapshot by Blake Parlett.
4:45 of 3rd period - Shot Blocked by Bruno Gervais.
5:20 of 3rd period - Slapshot by Peter Harrold.
5:20 of 3rd period - Shot Misses the Net.
5:22 of 3rd period - Slapshot by Peter Harrold.
5:22 of 3rd period - Stopped by FARM GOALIE19 with a rebound.
5:24 of 3rd period - Wrist shot by Peter Harrold.
5:24 of 3rd period - Stopped by FARM GOALIE19 with a rebound.
5:26 of 3rd period - Backhand shot by Peter Harrold.
5:26 of 3rd period - Deflect By Zach Sill.
5:26 of 3rd period - Goal by Peter Harrold - Checkers : 6 - Stars : 1.
5:27 of 3rd period - Michael Latta wins face-off versus Brad Malone in neutral zone.
5:41 of 3rd period - Snap shot by Michael Latta.
5:41 of 3rd period - Stopped by FARM GOALIE19 with a rebound.
5:43 of 3rd period - Slapshot by Peter Harrold.
5:43 of 3rd period - Shot Misses the Net.
5:45 of 3rd period - Snap shot by Michael Latta.
5:45 of 3rd period - Shot Blocked by Bruno Gervais.
5:47 of 3rd period - Wrist shot by Andrew Gordon.
5:47 of 3rd period - Goal by Andrew Gordon - Checkers : 7 - Stars : 1.
5:48 of 3rd period - Brad Malone wins face-off versus Michael Bournival in neutral zone.
6:36 of 3rd period - Michael Latta is hit by Paul Thompson and loses puck.
6:45 of 3rd period - Wrist shot by Zac Dalpe.
6:45 of 3rd period - Stopped by Drew MacIntyre with a rebound.
6:47 of 3rd period - Snap shot by Paul Thompson.
6:47 of 3rd period - Deflect By Michael Latta.
6:47 of 3rd period - Stopped by Drew MacIntyre without a rebound.
6:48 of 3rd period - Tomas Vincour wins face-off versus Zac Dalpe in Checkers zone.
7:56 of 3rd period - Cameron Gaunce is hit by Peter Harrold and loses puck.
9:04 of 3rd period - Snap shot by Michael Bournival.
9:04 of 3rd period - Shot Blocked by Brandon Kozun.
9:06 of 3rd period - Slapshot by Jason Chimera.
9:06 of 3rd period - Shot Misses the Net.
9:08 of 3rd period - Wrist shot by Adam Cracknell.
9:08 of 3rd period - Stopped by FARM GOALIE19 with a rebound.
9:14 of 3rd period - Snap shot by Michael Bournival.
9:14 of 3rd period - Goal by Michael Bournival - Checkers : 8 - Stars : 1.
9:15 of 3rd period - Paul Thompson wins face-off versus Wacey Hamilton in neutral zone.
9:20 of 3rd period - Snap shot by Austin Madaisky.
9:20 of 3rd period - Shot Misses the Net.
9:22 of 3rd period - Snap shot by Paul Thompson.
9:22 of 3rd period - Stopped by Drew MacIntyre with a rebound.
9:24 of 3rd period - Slapshot by Austin Madaisky.
9:24 of 3rd period - Stopped by Drew MacIntyre without a rebound.
9:25 of 3rd period - Paul Thompson wins face-off versus Wacey Hamilton in Checkers zone.
9:38 of 3rd period - Snap shot by Justin Shugg.
9:38 of 3rd period - Shot Blocked by Blake Parlett.
9:40 of 3rd period - Slapshot by Cameron Gaunce.
9:40 of 3rd period - Deflect By John Albert.
9:40 of 3rd period - Shot Misses the Net.
9:40 of 3rd period - Puck is out of play.
9:41 of 3rd period - Michael Latta wins face-off versus Miikka Salomaki in Checkers zone.
9:41 of 3rd period - Michael Latta is hit by Austin Madaisky.
9:57 of 3rd period - Minor Penalty to Cameron Gaunce for Hooking.
9:58 of 3rd period - Brad Malone wins face-off versus Jason Chimera in Stars zone.
10:09 of 3rd period - Zach Sill is hit by Adam Cracknell and loses puck.
11:03 of 3rd period - Brad Malone is hit by Andrew Gordon and loses puck.
11:19 of 3rd period - Icing by Julien Brouillette.
11:20 of 3rd period - Michael Latta wins face-off versus Miikka Salomaki in Checkers zone.
11:57 of 3rd period - Penalty to Cameron Gaunce is over, Cameron Gaunce is back on ice.
12:01 of 3rd period - Snap shot by Michael Latta.
12:01 of 3rd period - Shot Misses the Net.
12:03 of 3rd period - Slapshot by Julien Brouillette.
12:03 of 3rd period - Stopped by FARM GOALIE19 with a rebound.
12:05 of 3rd period - Slapshot by Blake Parlett.
12:05 of 3rd period - Shot Blocked by Bruno Gervais.
12:37 of 3rd period - Snap shot by Darian Dziurzynski.
12:37 of 3rd period - Stopped by FARM GOALIE19 with a rebound.
12:39 of 3rd period - Slapshot by Michael Sdao.
12:39 of 3rd period - Stopped by FARM GOALIE19 with a rebound.
12:41 of 3rd period - Slapshot by Darian Dziurzynski.
12:41 of 3rd period - Stopped by FARM GOALIE19 with a rebound.
12:43 of 3rd period - Wrist shot by Darian Dziurzynski.
12:43 of 3rd period - Deflect By Willie Coetzee.
12:43 of 3rd period - Stopped by FARM GOALIE19 with a rebound.
12:45 of 3rd period - Slapshot by Benjamin Dieude-Fauvel.
12:45 of 3rd period - Deflect By Justin Shugg.
12:45 of 3rd period - Stopped by FARM GOALIE19 with a rebound.
12:47 of 3rd period - Wrist shot by Wacey Hamilton.
12:47 of 3rd period - Shot Misses the Net.
13:13 of 3rd period - Minor Penalty to Jim O'Brien for Holding.
13:14 of 3rd period - Michael Latta wins face-off versus Zac Dalpe in Checkers zone.
13:26 of 3rd period - Snap shot by Michael Latta.
13:26 of 3rd period - Stopped by FARM GOALIE19 without a rebound.
13:27 of 3rd period - Zac Dalpe wins face-off versus Michael Latta in Stars zone.
13:27 of 3rd period - Zac Dalpe is hit by Peter Harrold.
13:36 of 3rd period - Peter Harrold is hit by Zac Dalpe.
13:50 of 3rd period - Wacey Hamilton is hit by Brandon Kozun and loses puck.
14:18 of 3rd period - Zac Dalpe is hit by Adam Cracknell.
14:46 of 3rd period - Snap shot by Brandon Kozun.
14:46 of 3rd period - Shot Blocked by Benjamin Dieude-Fauvel.
14:48 of 3rd period - Backhand shot by Bruno Gervais.
14:48 of 3rd period - Stopped by Drew MacIntyre with a rebound.
15:13 of 3rd period - Penalty to Jim O'Brien is over, Jim O'Brien is back on ice.
15:50 of 3rd period - Nicholas Rioux is hit by Tomas Vincour and loses puck.
16:23 of 3rd period - Slapshot by Justin Shugg.
16:23 of 3rd period - Stopped by Drew MacIntyre with a rebound.
16:25 of 3rd period - Slapshot by Bruno Gervais.
16:25 of 3rd period - Stopped by Drew MacIntyre with a rebound.
16:27 of 3rd period - Wrist shot by Justin Shugg.
16:27 of 3rd period - Shot Blocked by Blake Parlett.
17:07 of 3rd period - Paul Thompson is hit by Peter Harrold and loses puck.
17:24 of 3rd period - Wrist shot by Jim O'Brien.
17:24 of 3rd period - Shot Misses the Net.
17:39 of 3rd period - Minor Penalty to Miikka Salomaki for Tripping.
17:40 of 3rd period - Brad Malone wins face-off versus Michael Bournival in Stars zone.
18:58 of 3rd period - Dalton Smith is hit by Peter Harrold and loses puck.
19:39 of 3rd period - Penalty to Miikka Salomaki is over, Miikka Salomaki is back on ice.
19:51 of 3rd period - Jason Williams is hit by Andrew Gordon and loses puck.
Goals for this period are 5 for Checkers vs 0 for Stars.
Shots for this period are 17 for Checkers vs 8 for Stars.